Rampage vs Checkers

Created - Monday, October 13, 2014 at 02:22

Goals
1 2 3 T
Rampage 0 1 0 1
Checkers 1 0 1 2
Shots
1 2 3 T
Rampage 6 11 9 26
Checkers 8 18 9 35

1st period

1. Checkers , Tom Sestito 1 (Andrew Campbell, Brian McGrattan) at 5:15 (PP)

Penalties :
Eric Boulton (SAN) for High sticking (Minor) at 5:06, Andrew Campbell (CHA) for Hooking (Minor) at 19:11

2nd period

2. Rampage , Mikael Samuelsson 1 (Jesper Fast, Matt D'Agostini) at 4:43 (PP)

Penalties :
Andrew Campbell (CHA) for Hooking (Minor) at 4:06, Cody Bass (CHA) for Fighting (Major) at 14:09, Nick Tuzzolino (SAN) for Fighting (Major) at 14:09, Adam Almquist (SAN) for Holding Stick (Minor) at 14:30

3rd period

3. Checkers , Brian McGrattan 2 (Tom Sestito, Jim O'Brien) at 6:46 (PP)

Penalties :
Matt Puempel (SAN) for Hooking (Minor) at 5:16, Simon Despres (SAN) for Roughing (Minor) at 8:32

Goalie Stats

Martin Biron (SAN), 33 saves from 35 shots - (0.943), L, 1-1-1, 59:17 minutes
Drew MacIntyre (CHA), 25 saves from 26 shots - (0.962), W, 2-2-0, 60:00 minutes

Players Stats for Rampage

Player Name              G  A  P  +/- PIM S  H  SB GA TA FO     MP     PP MP  PK MP  
------------------------------------------------------------------------------------
Adam Almquist            0  0  0   0  2   1  0  3  0  2  0/0    25:19   1:09   2:40 
Andrey Pedan             0  0  0   0  0   0  1  0  0  1  0/0    18:46   0:00   2:21 
Calle Jarnkrok           0  0  0   0  0   0  0  0  6  2  5/8    19:39   0:56   1:12 
Charles-Olivier Roussel  0  0  0   0  0   0  0  0  0  0  0/0     0:57   0:00   0:00 
Colin McDonald           0  0  0   0  0   1  3  0  4  1  0/1    14:25   0:00   0:00 
Danny Kristo             0  0  0   0  0   0  1  0  1  0  0/0     8:44   0:00   0:00 
Eric Boulton             0  0  0   0  2   3  4  0  0  0  0/0    20:18   0:53   0:39 
Jack Hillen              0  0  0   0  0   0  0  2  0  1  0/0    13:09   1:27   0:27 
Jesper Fast              0  1  1   0  0   2  0  1  3  0  1/1    18:48   1:40   0:45 
Johan Sundstrom          0  0  0   0  0   0  0  0  1  0  3/11   15:37   0:00   1:57 
Martin Frk               0  0  0   0  0   1  0  0  1  1  1/1    17:10   0:56   0:00 
Matt D'Agostini          0  1  1   0  0   5  1  1  2  1  6/17   24:59   1:40   2:28 
Matt Puempel             0  0  0   0  2   1  2  0  0  0  0/0     4:18   0:03   0:00 
Mikael Samuelsson        1  0  1   0  0   5  1  1  2  0  1/3    22:04   1:40   4:13 
Nick Tuzzolino           0  0  0   0  5   1  1  0  0  0  0/0    16:18   0:00   0:58 
Ryan Potulny             0  0  0   0  0   1  1  1  0  1  1/1     6:50   0:00   0:00 
Simon Despres            0  0  0   0  2   5  4  3  1  2  0/0    26:24   1:27   1:41 
Will O'Neill             0  0  0   0  0   0  1  1  0  1  0/0    20:18   1:09   3:07 

Players Stats for Checkers

Player Name              G  A  P  +/- PIM S  H  SB GA TA FO     MP     PP MP  PK MP  
------------------------------------------------------------------------------------
Adam Brace               0  0  0   0  0   0  3  0  4  0  1/2    16:30   3:17   0:00 
Andrew Campbell          0  1  1   0  4   1  0  0  1  0  0/0    22:56   2:39   0:00 
Andrew Clark             0  0  0   0  0   3  2  0  2  3  2/5    14:53   0:00   1:00 
Blake Parlett            0  0  0   0  0   2  0  0  0  0  0/0    19:44   2:58   1:02 
Brian McGrattan          1  1  2   0  0   3  1  1  2  0  0/0    16:53   2:20   0:00 
Cody Bass                0  0  0   0  5   1  0  0  2  0  0/0    10:04   0:00   0:00 
Corey Locke              0  0  0   0  0   5  0  0  4  0  9/11   16:30   3:17   0:00 
J.T. Wyman               0  0  0   0  0   6  0  0  0  1  1/1    16:30   3:17   0:00 
Jim O'Brien              0  1  1   0  0   0  1  0  0  0  8/13   16:53   2:20   0:00 
Jordan Kremyr            0  0  0   0  0   0  1  0  0  2  0/1    11:41   0:00   1:36 
Joshua Shalla            0  0  0   0  0   0  0  1  1  1  0/1    13:20   0:00   0:00 
Julien Brouillette       0  0  0   0  0   1  1  2  2  1  0/0    17:48   0:00   1:34 
Mike Cornell             0  0  0   0  0   0  1  2  0  1  0/0    17:48   0:00   1:34 
Nick Crawford            0  0  0   0  0   0  0  0  1  2  0/0    22:25   2:39   0:00 
Sami Salo                0  0  0   0  0   9  1  0  2  1  0/0    19:44   2:58   1:02 
Sean Backman             0  0  0   0  0   1  1  0  2  2  0/1    14:53   0:00   1:00 
Taylor Matson            0  0  0   0  0   1  1  1  1  0  2/6    11:41   0:00   1:36 
Tom Sestito              1  1  2   0  0   2  3  0  2  0  2/2    16:53   2:20   0:00 

3 Stars

1 - Tom Sestito (CHA)
2 - Drew MacIntyre (CHA)
3 - Brian McGrattan (CHA)

Power Play

Rampage - 1 on 2 Attempt(s) - 50.00%
Checkers - 2 on 4 Attempt(s) - 50.00%

Penalty Kill

Rampage - 2 on 4 Attempt(s) - 50.00% - Score 0 goal in Penalty Kill
Checkers - 1 on 2 Attempt(s) - 50.00% - Score 0 goal in Penalty Kill

Official

Referees : Unknown
Linesman : Unknown

Game Notes

Ryan Potulny is injured at 3:48 of 2nd period (Left Foot)
Nick Tuzzolino beats up Cody Bass at 14:09 of 2nd period
Jack Hillen is injured at 16:45 of 2nd period (Right Hip)
Johan Sundstrom is injured at 11:34 of 3rd period (Lower Body)

Finance

Level 1 -- Attendance: 1507 (75.35%) -- Ticket Income $48,224
Level 2 -- Attendance: 803 (80.30%) -- Ticket Income $9,636
Total Attendance: 2310 (77.00%)
Total Ticket Income: $57,860
Other Income: $28,351
Total Income: $86,211

Rampage

5 vs 5 Forward 
   Center                   Left Wing                Right Wing               Time % Phy DF OF 
 1 Matt D'Agostini          Jesper Fast              Mikael Samuelsson        35     1   2  2  
 2 Calle Jarnkrok           Eric Boulton             Martin Frk               30     1   2  2  
 3 Ryan Potulny             Matt D'Agostini          Colin McDonald           22     1   2  2  
 4 Johan Sundstrom          Danny Kristo             Matt D'Agostini          13     1   2  2  

5 vs 5 Defense 
   Defense                  Defense                                           Time % Phy DF OF 
 1 Simon Despres            Jack Hillen                                       35     1   2  2  
 2 Adam Almquist            Will O'Neill                                      30     1   2  2  
 3 Nick Tuzzolino           Andrey Pedan                                      22     1   2  2  
 4 Simon Despres            Adam Almquist                                     13     1   2  2  

PowerPlay Forward 
   Center                   Left Wing                Right Wing               Time % Phy DF OF 
 1 Matt D'Agostini          Jesper Fast              Mikael Samuelsson        60     1   2  2  
 2 Calle Jarnkrok           Eric Boulton             Martin Frk               40     1   2  2  

PowerPlay Defense
   Defense                  Defense                                           Time % Phy DF OF 
 1 Simon Despres            Jack Hillen                                       60     1   2  2  
 2 Adam Almquist            Will O'Neill                                      40     1   2  2  

Penalty Kill 4 Players Forward 
   Center                   Wing                     Time % Phy DF OF 
 1 Matt D'Agostini          Mikael Samuelsson        60     1   2  2  
 2 Calle Jarnkrok           Jesper Fast              40     1   2  2  

Penalty Kill 4 Players Defense
   Defense                  Defense                  Time % Phy DF OF 
 1 Simon Despres            Nick Tuzzolino           60     1   2  2  
 2 Adam Almquist            Will O'Neill             40     1   2  2  

Penalty Kill - 3 Players Forward 
   Forward                                           Time % Phy DF OF 
 1 Matt D'Agostini                                   60     1   2  2  
 2 Mikael Samuelsson                                 40     1   2  2  

Penalty Kill - 3 Players Defense
   Defense                  Defense                  Time % Phy DF OF 
 1 Simon Despres            Jack Hillen              60     1   2  2  
 2 Adam Almquist            Will O'Neill             40     1   2  2  

4 vs 4 Forward 
   Center                   Wing                     Time % Phy DF OF 
 1 Matt D'Agostini          Mikael Samuelsson        60     1   2  2  
 2 Calle Jarnkrok           Jesper Fast              40     1   2  2  

4 vs 4 Defense
   Defense                  Defense                  Time % Phy DF OF 
 1 Simon Despres            Andrey Pedan             60     1   2  2  
 2 Adam Almquist            Will O'Neill             40     1   2  2  

Last Minutes Offensive
   Center                   Left Wing                Right Wing               Defense                  Defense                  
   Matt D'Agostini          Jesper Fast              Mikael Samuelsson        Simon Despres            Jack Hillen              

Last Minutes Defensive
   Center                   Left Wing                Right Wing               Defense                  Defense                  
   Matt D'Agostini          Jesper Fast              Mikael Samuelsson        Simon Despres            Jack Hillen              

Goaltenders
Starting : Martin Biron             
Backup : Matt Hackett             

Extra Forwards
Normal : Ryan Potulny, Johan Sundstrom, Matt D'Agostini - PP : Ryan Potulny, Johan Sundstrom - PK : Matt D'Agostini
Extra Defensemen
Normal : Nick Tuzzolino, Andrey Pedan, Adam Almquist - PP : Nick Tuzzolino - PK : Andrey Pedan, Adam Almquist
Penalty Shots
Matt D'Agostini, Mikael Samuelsson, Calle Jarnkrok, Jesper Fast, Eric Boulton

Checkers

5 vs 5 Forward 
   Center                   Left Wing                Right Wing               Time % Phy DF OF 
 1 Jim O'Brien              Tom Sestito              Brian McGrattan          28     0   3  2  
 2 Corey Locke              Adam Brace               J.T. Wyman               27     0   3  2  
 3 Andrew Clark             Joshua Shalla            Sean Backman             25     0   3  2  
 4 Taylor Matson            Jordan Kremyr            Cody Bass                20     0   3  2  

5 vs 5 Defense 
   Defense                  Defense                                           Time % Phy DF OF 
 1 Sami Salo                Blake Parlett                                     35     0   2  3  
 2 Andrew Campbell          Nick Crawford                                     35     0   2  3  
 3 Julien Brouillette       Mike Cornell                                      30     1   2  2  
 4 Sami Salo                Blake Parlett                                     0      1   2  2  

PowerPlay Forward 
   Center                   Left Wing                Right Wing               Time % Phy DF OF 
 1 Jim O'Brien              Tom Sestito              Brian McGrattan          50     0   1  4  
 2 Corey Locke              Adam Brace               J.T. Wyman               50     0   1  4  

PowerPlay Defense
   Defense                  Defense                                           Time % Phy DF OF 
 1 Sami Salo                Blake Parlett                                     50     0   1  4  
 2 Andrew Campbell          Nick Crawford                                     50     0   1  4  

Penalty Kill 4 Players Forward 
   Center                   Wing                     Time % Phy DF OF 
 1 Taylor Matson            Jordan Kremyr            50     0   4  1  
 2 Andrew Clark             Sean Backman             50     0   4  1  

Penalty Kill 4 Players Defense
   Defense                  Defense                  Time % Phy DF OF 
 1 Julien Brouillette       Mike Cornell             50     0   4  1  
 2 Sami Salo                Blake Parlett            50     0   4  1  

Penalty Kill - 3 Players Forward 
   Forward                                           Time % Phy DF OF 
 1 Taylor Matson                                     50     0   5  0  
 2 Andrew Clark                                      50     0   5  0  

Penalty Kill - 3 Players Defense
   Defense                  Defense                  Time % Phy DF OF 
 1 Julien Brouillette       Mike Cornell             50     0   5  0  
 2 Sami Salo                Blake Parlett            50     0   5  0  

4 vs 4 Forward 
   Center                   Wing                     Time % Phy DF OF 
 1 Jim O'Brien              Brian McGrattan          50     1   2  2  
 2 Tom Sestito              Corey Locke              50     1   2  2  

4 vs 4 Defense
   Defense                  Defense                  Time % Phy DF OF 
 1 Sami Salo                Blake Parlett            50     1   2  2  
 2 Andrew Campbell          Nick Crawford            50     1   2  2  

Last Minutes Offensive
   Center                   Left Wing                Right Wing               Defense                  Defense                  
   Jim O'Brien              Tom Sestito              Brian McGrattan          Sami Salo                Blake Parlett            

Last Minutes Defensive
   Center                   Left Wing                Right Wing               Defense                  Defense                  
   Jim O'Brien              Tom Sestito              Brian McGrattan          Sami Salo                Blake Parlett            

Goaltenders
Starting : Drew MacIntyre           
Backup : Nathan Lawson            

Extra Forwards
Normal : Sean Backman, Cody Bass, Andrew Clark - PP : Sean Backman, Cody Bass - PK : Andrew Clark
Extra Defensemen
Normal : Julien Brouillette, Mike Cornell, Andrew Campbell - PP : Julien Brouillette - PK : Mike Cornell, Andrew Campbell
Penalty Shots
Jim O'Brien, Brian McGrattan, Tom Sestito, Corey Locke, J.T. Wyman

% Time on Ice - Rampage

Lines # - Real PCT - Wanted PCT - Time Play
Normal Forward
1 - 31% - 35% - 15:58
2 - 30% - 30% - 15:20
3 - 22% - 22% - 11:14
4 - 16% - 13% - 8:18
Normal Defense
1 - 39% - 35% - 19:37
2 - 29% - 30% - 14:36
3 - 25% - 22% - 12:34
4 - 8% - 13% - 4:03
PP Forward
1 - 64% - 60% - 1:40
2 - 36% - 40% - 0:56
PP Defense
1 - 56% - 60% - 1:27
2 - 44% - 40% - 1:09
PK Forward
1 - 87% - 60% - 4:52
2 - 13% - 40% - 0:45
PK Defense
1 - 45% - 60% - 2:30
2 - 55% - 40% - 3:07
PK3 Forward
1 - 0% - 60%
2 - 0% - 40%
PK3 Defense
1 - 0% - 60%
2 - 0% - 40%
44 Forward
1 - 0% - 60%
2 - 0% - 40%
44 Defense
1 - 0% - 60%
2 - 0% - 40%
Last Minute Offensive  - 0:57
Last Minute Defensive  - 0:00
Total
Forward - 60:00
Defense - 60:00

% Time on Ice - Checkers

Lines # - Real PCT - Wanted PCT - Time Play
Normal Forward
1 - 27% - 28% - 13:45
2 - 27% - 27% - 13:46
3 - 26% - 25% - 13:20
4 - 20% - 20% - 10:07
Normal Defense
1 - 32% - 35% - 16:18
2 - 37% - 35% - 18:58
3 - 31% - 30% - 15:42
4 - 0% - 0% - 0:00
PP Forward
1 - 42% - 50% - 2:20
2 - 58% - 50% - 3:17
PP Defense
1 - 53% - 50% - 2:58
2 - 47% - 50% - 2:39
PK Forward
1 - 62% - 50% - 1:36
2 - 38% - 50% - 1:00
PK Defense
1 - 60% - 50% - 1:34
2 - 40% - 50% - 1:02
PK3 Forward
1 - 0% - 50%
2 - 0% - 50%
PK3 Defense
1 - 0% - 50%
2 - 0% - 50%
44 Forward
1 - 0% - 50%
2 - 0% - 50%
44 Defense
1 - 0% - 50%
2 - 0% - 50%
Last Minute Offensive  - 0:00
Last Minute Defensive  - 0:49
Total
Forward - 60:00
Defense - 60:00

Play by Play

1st period


0:01 of 1st period - Jim O'Brien wins face-off versus Matt D'Agostini in neutral zone.
1:29 of 1st period - Jack Hillen is hit by Sean Backman and loses puck.
2:40 of 1st period - Taylor Matson is hit by Ryan Potulny and loses puck.
2:55 of 1st period - Wrist shot by Johan Sundstrom.
2:55 of 1st period - Shot Misses the Net.
2:57 of 1st period - Slapshot by Andrey Pedan.
2:57 of 1st period - Shot Misses the Net.
2:59 of 1st period - Snap shot by Ryan Potulny.
2:59 of 1st period - Shot Blocked by Taylor Matson.
4:17 of 1st period - Sami Salo is hit by Andrey Pedan and loses puck.
5:06 of 1st period - Minor Penalty to Eric Boulton for High sticking.
5:07 of 1st period - Tom Sestito wins face-off versus Matt D'Agostini in Rampage zone.
5:07 of 1st period - Snap shot by Brian McGrattan.
5:07 of 1st period - Shot Blocked by Simon Despres.
5:09 of 1st period - Slapshot by Andrew Campbell.
5:09 of 1st period - Shot Misses the Net.
5:15 of 1st period - Snap shot by Tom Sestito.
5:15 of 1st period - Goal by Tom Sestito - Rampage : 0 - Checkers : 1.
5:16 of 1st period - Ryan Potulny wins face-off versus Andrew Clark in neutral zone.
6:11 of 1st period - Martin Frk is hit by Adam Brace and loses puck.
6:16 of 1st period - Slapshot by Sami Salo.
6:16 of 1st period - Stopped by Martin Biron with a rebound.
6:18 of 1st period - Slapshot by Corey Locke.
6:18 of 1st period - Shot Misses the Net.
7:08 of 1st period - Blake Parlett is hit by Simon Despres and loses puck.
7:55 of 1st period - Martin Frk is hit by Jordan Kremyr and loses puck.
8:16 of 1st period - Wrist shot by Sean Backman.
8:16 of 1st period - Deflect By Andrew Clark.
8:16 of 1st period - Stopped by Martin Biron with a rebound.
8:22 of 1st period - Sean Backman is hit by Matt Puempel and loses puck.
8:55 of 1st period - Adam Brace is hit by Mikael Samuelsson and loses puck.
9:04 of 1st period - Snap shot by Jesper Fast.
9:04 of 1st period - Stopped by Drew MacIntyre without a rebound.
9:05 of 1st period - Matt D'Agostini wins face-off versus Jim O'Brien in Checkers zone.
9:30 of 1st period - Brian McGrattan is hit by Simon Despres.
9:54 of 1st period - Off-side.
9:55 of 1st period - Corey Locke wins face-off versus Johan Sundstrom in neutral zone.
10:18 of 1st period - Snap shot by Corey Locke.
10:18 of 1st period - Stopped by Martin Biron with a rebound.
10:34 of 1st period - Andrey Pedan is hit by Julien Brouillette and loses puck.
12:20 of 1st period - Snap shot by Matt Puempel.
12:20 of 1st period - Stopped by Drew MacIntyre with a rebound.
12:22 of 1st period - Snap shot by Martin Frk.
12:22 of 1st period - Stopped by Drew MacIntyre without a rebound.
12:23 of 1st period - Calle Jarnkrok wins face-off versus Jim O'Brien in Checkers zone.
12:46 of 1st period - Sami Salo is hit by Colin McDonald and loses puck.
13:15 of 1st period - Wrist shot by J.T. Wyman.
13:15 of 1st period - Shot Misses the Net.
13:17 of 1st period - Slapshot by Julien Brouillette.
13:17 of 1st period - Deflect By Adam Brace.
13:17 of 1st period - Shot Blocked by Jack Hillen.
13:17 of 1st period - Puck is out of play.
13:18 of 1st period - Corey Locke wins face-off versus Calle Jarnkrok in Rampage zone.
13:57 of 1st period - Wrist shot by Johan Sundstrom.
13:57 of 1st period - Shot Misses the Net.
14:13 of 1st period - Snap shot by Jesper Fast.
14:13 of 1st period - Shot Blocked by Julien Brouillette.
14:33 of 1st period - Danny Kristo is hit by Mike Cornell.
14:55 of 1st period - Slapshot by Jack Hillen.
14:55 of 1st period - Shot Blocked by Mike Cornell.
14:57 of 1st period - Slapshot by Jack Hillen.
14:57 of 1st period - Shot Misses the Net.
14:59 of 1st period - Slapshot by Simon Despres.
14:59 of 1st period - Stopped by Drew MacIntyre with a rebound.
15:01 of 1st period - Snap shot by Simon Despres.
15:01 of 1st period - Stopped by Drew MacIntyre with a rebound.
15:03 of 1st period - Snap shot by Eric Boulton.
15:03 of 1st period - Stopped by Drew MacIntyre with a rebound.
15:05 of 1st period - Snap shot by Eric Boulton.
15:05 of 1st period - Shot Blocked by Mike Cornell.
15:54 of 1st period - Snap shot by Tom Sestito.
15:54 of 1st period - Stopped by Martin Biron with a rebound.
16:16 of 1st period - Taylor Matson is hit by Danny Kristo and loses puck.
16:50 of 1st period - Snap shot by Calle Jarnkrok.
16:50 of 1st period - Deflect By Eric Boulton.
16:50 of 1st period - Shot Misses the Net.
16:50 of 1st period - Puck is out of play.
16:51 of 1st period - Calle Jarnkrok wins face-off versus Corey Locke in Checkers zone.
17:17 of 1st period - Snap shot by J.T. Wyman.
17:17 of 1st period - Stopped by Martin Biron with a rebound.
17:19 of 1st period - Snap shot by J.T. Wyman.
17:19 of 1st period - Stopped by Martin Biron with a rebound.
17:21 of 1st period - Snap shot by Corey Locke.
17:21 of 1st period - Stopped by Martin Biron with a rebound.
17:23 of 1st period - Slapshot by Andrew Campbell.
17:23 of 1st period - Deflect By J.T. Wyman.
17:23 of 1st period - Shot Blocked by Adam Almquist.
17:23 of 1st period - Puck is out of play.
17:24 of 1st period - Calle Jarnkrok wins face-off versus Jim O'Brien in Rampage zone.
17:58 of 1st period - Sami Salo is hit by Colin McDonald and loses puck.
18:20 of 1st period - Mikael Samuelsson is hit by Andrew Clark and loses puck.
18:27 of 1st period - Jesper Fast is hit by Sami Salo and loses puck.
18:46 of 1st period - Andrew Clark is hit by Matt Puempel.
19:11 of 1st period - Minor Penalty to Andrew Campbell for Hooking.
19:12 of 1st period - Calle Jarnkrok wins face-off versus Jordan Kremyr in Checkers zone.
19:26 of 1st period - Snap shot by Calle Jarnkrok.
19:26 of 1st period - Shot Misses the Net.
19:42 of 1st period - Snap shot by Matt D'Agostini.
19:42 of 1st period - Shot Misses the Net.
Goals for this period are 0 for Rampage vs 1 for Checkers.
Shots for this period are 6 for Rampage vs 8 for Checkers.

2nd period


0:01 of 2nd period - Andrew Clark wins face-off versus Mikael Samuelsson in neutral zone.
1:11 of 2nd period - Penalty to Andrew Campbell is over, Andrew Campbell is back on ice.
1:41 of 2nd period - Wrist shot by Colin McDonald.
1:41 of 2nd period - Shot Hit the Post.
1:43 of 2nd period - Slapshot by Andrey Pedan.
1:43 of 2nd period - Deflect By Ryan Potulny.
1:43 of 2nd period - Stopped by Drew MacIntyre without a rebound.
1:44 of 2nd period - Jim O'Brien wins face-off versus Johan Sundstrom in Checkers zone.
2:57 of 2nd period - Simon Despres is hit by Adam Brace.
3:22 of 2nd period - Slapshot by Mikael Samuelsson.
3:22 of 2nd period - Stopped by Drew MacIntyre without a rebound.
3:23 of 2nd period - Mikael Samuelsson wins face-off versus Taylor Matson in Checkers zone.
3:48 of 2nd period - Slapshot by Cody Bass.
3:48 of 2nd period - Shot Blocked by Ryan Potulny.
3:48 of 2nd period - Ryan Potulny from Rampage is injured at 3:48 of 2nd period (Left Foot).
3:49 of 2nd period - Jesper Fast wins face-off versus Andrew Clark in Rampage zone.
3:49 of 2nd period - Jesper Fast is hit by Andrew Clark.
4:06 of 2nd period - Minor Penalty to Andrew Campbell for Hooking.
4:07 of 2nd period - Matt D'Agostini wins face-off versus Taylor Matson in Checkers zone.
4:07 of 2nd period - Wrist shot by Jesper Fast.
4:07 of 2nd period - Deflect By Matt D'Agostini.
4:07 of 2nd period - Stopped by Drew MacIntyre without a rebound.
4:08 of 2nd period - Matt D'Agostini wins face-off versus Taylor Matson in Checkers zone.
4:43 of 2nd period - Wrist shot by Jesper Fast.
4:43 of 2nd period - Deflect By Mikael Samuelsson.
4:43 of 2nd period - Goal by Mikael Samuelsson - Rampage : 1 - Checkers : 1.
4:44 of 2nd period - Calle Jarnkrok wins face-off versus Jim O'Brien in neutral zone.
5:09 of 2nd period - Brian McGrattan is hit by Eric Boulton and loses puck.
5:19 of 2nd period - Off-side.
5:20 of 2nd period - Matt D'Agostini wins face-off versus Joshua Shalla in neutral zone.
5:23 of 2nd period - Slapshot by Simon Despres.
5:23 of 2nd period - Shot Blocked by Julien Brouillette.
5:37 of 2nd period - Snap shot by Andrew Clark.
5:37 of 2nd period - Stopped by Martin Biron with a rebound.
6:38 of 2nd period - Snap shot by Corey Locke.
6:38 of 2nd period - Stopped by Martin Biron with a rebound.
6:40 of 2nd period - Backhand shot by J.T. Wyman.
6:40 of 2nd period - Stopped by Martin Biron with a rebound.
6:53 of 2nd period - Off-side.
6:54 of 2nd period - Jim O'Brien wins face-off versus Johan Sundstrom in neutral zone.
8:35 of 2nd period - Icing by Jack Hillen.
8:36 of 2nd period - Corey Locke wins face-off versus Johan Sundstrom in Rampage zone.
8:59 of 2nd period - Snap shot by Adam Brace.
8:59 of 2nd period - Shot Misses the Net.
9:19 of 2nd period - Andrew Clark is hit by Matt D'Agostini and loses puck.
9:30 of 2nd period - Wrist shot by Matt D'Agostini.
9:30 of 2nd period - Stopped by Drew MacIntyre with a rebound.
9:45 of 2nd period - Sean Backman is hit by Simon Despres and loses puck.
10:28 of 2nd period - Snap shot by Brian McGrattan.
10:28 of 2nd period - Shot Misses the Net.
10:30 of 2nd period - Slapshot by Tom Sestito.
10:30 of 2nd period - Shot Misses the Net.
10:32 of 2nd period - Snap shot by Brian McGrattan.
10:32 of 2nd period - Shot Blocked by Simon Despres.
10:34 of 2nd period - Slapshot by Brian McGrattan.
10:34 of 2nd period - Shot Misses the Net.
10:36 of 2nd period - Slapshot by Sami Salo.
10:36 of 2nd period - Stopped by Martin Biron with a rebound.
10:38 of 2nd period - Snap shot by Tom Sestito.
10:38 of 2nd period - Deflect By Jack Hillen.
10:38 of 2nd period - Shot Misses the Net.
10:38 of 2nd period - Puck is out of play.
10:39 of 2nd period - Taylor Matson wins face-off versus Matt D'Agostini in Rampage zone.
10:42 of 2nd period - Snap shot by Cody Bass.
10:42 of 2nd period - Stopped by Martin Biron with a rebound.
10:44 of 2nd period - Slapshot by Sami Salo.
10:44 of 2nd period - Shot Misses the Net.
10:48 of 2nd period - Slapshot by Sami Salo.
10:48 of 2nd period - Deflect By Jesper Fast.
10:48 of 2nd period - Stopped by Martin Biron with a rebound.
10:50 of 2nd period - Snap shot by Taylor Matson.
10:50 of 2nd period - Shot Misses the Net.
10:52 of 2nd period - Slapshot by Taylor Matson.
10:52 of 2nd period - Shot Misses the Net.
10:54 of 2nd period - Slapshot by Blake Parlett.
10:54 of 2nd period - Stopped by Martin Biron with a rebound.
10:58 of 2nd period - Snap shot by Taylor Matson.
10:58 of 2nd period - Stopped by Martin Biron with a rebound.
11:00 of 2nd period - Slapshot by Sami Salo.
11:00 of 2nd period - Shot Misses the Net.
11:02 of 2nd period - Slapshot by Sami Salo.
11:02 of 2nd period - Shot Misses the Net.
11:04 of 2nd period - Backhand shot by Blake Parlett.
11:04 of 2nd period - Stopped by Martin Biron with a rebound.
11:06 of 2nd period - Slapshot by Sami Salo.
11:06 of 2nd period - Stopped by Martin Biron without a rebound.
11:07 of 2nd period - J.T. Wyman wins face-off versus Johan Sundstrom in Rampage zone.
11:10 of 2nd period - Snap shot by Corey Locke.
11:10 of 2nd period - Stopped by Martin Biron with a rebound.
11:12 of 2nd period - Slapshot by J.T. Wyman.
11:12 of 2nd period - Shot Blocked by Will O'Neill.
11:14 of 2nd period - Wrist shot by J.T. Wyman.
11:14 of 2nd period - Shot Misses the Net.
11:16 of 2nd period - Slapshot by Andrew Campbell.
11:16 of 2nd period - Stopped by Martin Biron without a rebound.
11:17 of 2nd period - Corey Locke wins face-off versus Johan Sundstrom in Rampage zone.
11:22 of 2nd period - Wrist shot by Adam Brace.
11:22 of 2nd period - Shot Misses the Net.
11:24 of 2nd period - Backhand shot by Corey Locke.
11:24 of 2nd period - Stopped by Martin Biron without a rebound.
11:25 of 2nd period - Johan Sundstrom wins face-off versus Adam Brace in Rampage zone.
12:19 of 2nd period - Will O'Neill is hit by Tom Sestito and loses puck.
12:30 of 2nd period - Blake Parlett is hit by Eric Boulton and loses puck.
12:45 of 2nd period - Slapshot by Jack Hillen.
12:45 of 2nd period - Deflect By Colin McDonald.
12:45 of 2nd period - Stopped by Drew MacIntyre with a rebound.
12:47 of 2nd period - Slapshot by Jack Hillen.
12:47 of 2nd period - Deflect By Johan Sundstrom.
12:47 of 2nd period - Shot Misses the Net.
12:47 of 2nd period - Puck is out of play.
12:48 of 2nd period - Andrew Clark wins face-off versus Johan Sundstrom in Checkers zone.
13:49 of 2nd period - Wrist shot by Mikael Samuelsson.
13:49 of 2nd period - Shot Misses the Net.
13:53 of 2nd period - Wrist shot by Mikael Samuelsson.
13:53 of 2nd period - Shot Misses the Net.
13:55 of 2nd period - Slapshot by Nick Tuzzolino.
13:55 of 2nd period - Stopped by Drew MacIntyre with a rebound.
14:09 of 2nd period - Nick Tuzzolino beats up Cody Bass.
14:09 of 2nd period - Penalty to Cody Bass for Fighting.
14:09 of 2nd period - Penalty to Nick Tuzzolino for Fighting.
14:10 of 2nd period - Jim O'Brien wins face-off versus Matt D'Agostini in Checkers zone.
14:25 of 2nd period - Slapshot by Sami Salo.
14:25 of 2nd period - Stopped by Martin Biron without a rebound.
14:26 of 2nd period - Tom Sestito wins face-off versus Matt D'Agostini in Rampage zone.
14:30 of 2nd period - Minor Penalty to Adam Almquist for Holding Stick.
14:31 of 2nd period - Matt D'Agostini wins face-off versus Corey Locke in Rampage zone.
14:40 of 2nd period - Wrist shot by Matt D'Agostini.
14:40 of 2nd period - Stopped by Drew MacIntyre without a rebound.
14:41 of 2nd period - Corey Locke wins face-off versus Matt D'Agostini in Checkers zone.
14:51 of 2nd period - Sami Salo is hit by Simon Despres and loses puck.
15:09 of 2nd period - Off-side.
15:10 of 2nd period - Jim O'Brien wins face-off versus Mikael Samuelsson in neutral zone.
15:21 of 2nd period - Wrist shot by Tom Sestito.
15:21 of 2nd period - Shot Blocked by Matt D'Agostini.
16:30 of 2nd period - Penalty to Adam Almquist is over, Adam Almquist is back on ice.
16:36 of 2nd period - Jack Hillen is hit by Tom Sestito and loses puck.
16:43 of 2nd period - Snap shot by Brian McGrattan.
16:43 of 2nd period - Stopped by Martin Biron with a rebound.
16:45 of 2nd period - Slapshot by Sami Salo.
16:45 of 2nd period - Deflect By Jim O'Brien.
16:45 of 2nd period - Shot Blocked by Jack Hillen.
16:45 of 2nd period - Jack Hillen from Rampage is injured at 16:45 of 2nd period (Right Hip).
16:46 of 2nd period - Jim O'Brien wins face-off versus Matt D'Agostini in Rampage zone.
16:57 of 2nd period - Wrist shot by Jesper Fast.
16:57 of 2nd period - Shot Misses the Net.
16:59 of 2nd period - Snap shot by Jesper Fast.
16:59 of 2nd period - Stopped by Drew MacIntyre with a rebound.
17:01 of 2nd period - Snap shot by Jesper Fast.
17:01 of 2nd period - Shot Misses the Net.
17:03 of 2nd period - Backhand shot by Adam Almquist.
17:03 of 2nd period - Shot Blocked by Brian McGrattan.
17:11 of 2nd period - Wrist shot by Mikael Samuelsson.
17:11 of 2nd period - Shot Misses the Net.
17:13 of 2nd period - Slapshot by Adam Almquist.
17:13 of 2nd period - Shot Misses the Net.
17:15 of 2nd period - Slapshot by Simon Despres.
17:15 of 2nd period - Shot Misses the Net.
17:17 of 2nd period - Slapshot by Adam Almquist.
17:17 of 2nd period - Deflect By Matt D'Agostini.
17:17 of 2nd period - Stopped by Drew MacIntyre without a rebound.
17:18 of 2nd period - Martin Frk wins face-off versus Andrew Clark in Checkers zone.
17:47 of 2nd period - Wrist shot by Calle Jarnkrok.
17:47 of 2nd period - Deflect By Eric Boulton.
17:47 of 2nd period - Shot Blocked by Joshua Shalla.
17:47 of 2nd period - Puck is out of play.
17:48 of 2nd period - Corey Locke wins face-off versus Johan Sundstrom in Checkers zone.
17:59 of 2nd period - Wrist shot by Corey Locke.
17:59 of 2nd period - Shot Blocked by Simon Despres.
18:01 of 2nd period - Snap shot by Sami Salo.
18:01 of 2nd period - Stopped by Martin Biron with a rebound.
18:11 of 2nd period - Snap shot by J.T. Wyman.
18:11 of 2nd period - Stopped by Martin Biron without a rebound.
18:12 of 2nd period - Jim O'Brien wins face-off versus Calle Jarnkrok in Rampage zone.
19:00 of 2nd period - Wrist shot by Sean Backman.
19:00 of 2nd period - Stopped by Martin Biron with a rebound.
19:40 of 2nd period - Snap shot by Matt D'Agostini.
19:40 of 2nd period - Shot Misses the Net.
19:42 of 2nd period - Slapshot by Simon Despres.
19:42 of 2nd period - Stopped by Drew MacIntyre with a rebound.
Goals for this period are 1 for Rampage vs 0 for Checkers.
Shots for this period are 11 for Rampage vs 18 for Checkers.

3rd period


0:01 of 3rd period - Corey Locke wins face-off versus Matt D'Agostini in neutral zone.
0:04 of 3rd period - Slapshot by Sami Salo.
0:04 of 3rd period - Stopped by Martin Biron with a rebound.
0:06 of 3rd period - Slapshot by J.T. Wyman.
0:06 of 3rd period - Stopped by Martin Biron with a rebound.
0:08 of 3rd period - Snap shot by Sami Salo.
0:08 of 3rd period - Stopped by Martin Biron without a rebound.
0:09 of 3rd period - Adam Brace wins face-off versus Matt D'Agostini in Rampage zone.
0:10 of 3rd period - Slapshot by Sami Salo.
0:10 of 3rd period - Shot Blocked by Jesper Fast.
0:26 of 3rd period - Wrist shot by J.T. Wyman.
0:26 of 3rd period - Stopped by Martin Biron with a rebound.
0:36 of 3rd period - Wrist shot by Corey Locke.
0:36 of 3rd period - Shot Misses the Net.
1:58 of 3rd period - Snap shot by Eric Boulton.
1:58 of 3rd period - Stopped by Drew MacIntyre with a rebound.
2:33 of 3rd period - Joshua Shalla is hit by Nick Tuzzolino and loses puck.
4:32 of 3rd period - Mike Cornell is hit by Colin McDonald and loses puck.
5:16 of 3rd period - Minor Penalty to Matt Puempel for Hooking.
5:17 of 3rd period - Corey Locke wins face-off versus Matt D'Agostini in Rampage zone.
6:46 of 3rd period - Wrist shot by Brian McGrattan.
6:46 of 3rd period - Goal by Brian McGrattan - Rampage : 1 - Checkers : 2.
6:47 of 3rd period - Johan Sundstrom wins face-off versus Sean Backman in neutral zone.
7:20 of 3rd period - Slapshot by Simon Despres.
7:20 of 3rd period - Stopped by Drew MacIntyre with a rebound.
7:22 of 3rd period - Slapshot by Simon Despres.
7:22 of 3rd period - Stopped by Drew MacIntyre with a rebound.
7:24 of 3rd period - Wrist shot by Eric Boulton.
7:24 of 3rd period - Stopped by Drew MacIntyre without a rebound.
7:25 of 3rd period - Jim O'Brien wins face-off versus Calle Jarnkrok in Checkers zone.
8:32 of 3rd period - Minor Penalty to Simon Despres for Roughing.
8:33 of 3rd period - Corey Locke wins face-off versus Matt D'Agostini in Rampage zone.
8:46 of 3rd period - Slapshot by Sami Salo.
8:46 of 3rd period - Shot Blocked by Adam Almquist.
9:24 of 3rd period - Johan Sundstrom is hit by Brian McGrattan and loses puck.
9:31 of 3rd period - Backhand shot by Brian McGrattan.
9:31 of 3rd period - Shot Blocked by Mikael Samuelsson.
9:33 of 3rd period - Wrist shot by Jim O'Brien.
9:33 of 3rd period - Shot Misses the Net.
10:32 of 3rd period - Penalty to Simon Despres is over, Simon Despres is back on ice.
10:38 of 3rd period - Corey Locke is hit by Eric Boulton and loses puck.
11:23 of 3rd period - Taylor Matson is hit by Eric Boulton and loses puck.
11:32 of 3rd period - Slapshot by Julien Brouillette.
11:32 of 3rd period - Stopped by Martin Biron without a rebound.
11:33 of 3rd period - Johan Sundstrom wins face-off versus Taylor Matson in Rampage zone.
11:33 of 3rd period - Johan Sundstrom is hit by Taylor Matson.
11:34 of 3rd period - Johan Sundstrom from Rampage is injured at 11:34 of 3rd period (Lower Body).
11:35 of 3rd period - Matt D'Agostini wins face-off versus Jim O'Brien in Rampage zone.
11:56 of 3rd period - Snap shot by Tom Sestito.
11:56 of 3rd period - Shot Blocked by Adam Almquist.
12:04 of 3rd period - Wrist shot by Mikael Samuelsson.
12:04 of 3rd period - Stopped by Drew MacIntyre with a rebound.
12:06 of 3rd period - Slapshot by Mikael Samuelsson.
12:06 of 3rd period - Stopped by Drew MacIntyre with a rebound.
12:08 of 3rd period - Slapshot by Adam Almquist.
12:08 of 3rd period - Stopped by Drew MacIntyre with a rebound.
12:28 of 3rd period - Will O'Neill is hit by Adam Brace.
12:52 of 3rd period - J.T. Wyman is hit by Will O'Neill and loses puck.
13:58 of 3rd period - Snap shot by Mikael Samuelsson.
13:58 of 3rd period - Stopped by Drew MacIntyre with a rebound.
14:20 of 3rd period - Slapshot by Matt D'Agostini.
14:20 of 3rd period - Stopped by Drew MacIntyre without a rebound.
14:21 of 3rd period - Taylor Matson wins face-off versus Colin McDonald in Checkers zone.
15:29 of 3rd period - Jesper Fast is hit by Tom Sestito.
16:04 of 3rd period - Snap shot by Corey Locke.
16:04 of 3rd period - Shot Misses the Net.
16:16 of 3rd period - Snap shot by Andrew Clark.
16:16 of 3rd period - Stopped by Martin Biron with a rebound.
17:13 of 3rd period - Slapshot by Sami Salo.
17:13 of 3rd period - Stopped by Martin Biron with a rebound.
17:15 of 3rd period - Snap shot by Tom Sestito.
17:15 of 3rd period - Deflect By Brian McGrattan.
17:15 of 3rd period - Stopped by Martin Biron with a rebound.
18:28 of 3rd period - Slapshot by Simon Despres.
18:28 of 3rd period - Shot Misses the Net.
19:17 of 3rd period - Rampage, Martin Biron is pulled from the net.
19:49 of 3rd period - Adam Almquist is hit by Jim O'Brien and loses puck.
Goals for this period are 0 for Rampage vs 1 for Checkers.
Shots for this period are 9 for Rampage vs 9 for Checkers.


Output by the SimonT Hockey Simulator (STHS) for Eric Dolegowski -- Original Page W3C XHTML 1.0 Valid
Hockey Simulator - Hockey Simulation - Hockey Manager